 Dungeon Crawl Stone Soup version 0.24-a0-264-gf46a388040 (webtiles) character file.

Game seed: 6605007843758984735

2463 Flugkiller the Basher (level 9, -14/71 HPs)
             Began as a Human Chaos Knight on Apr 20, 2019.
             Was a Plaything of Xom.
             Demolished by a sun demon (18 damage)
             ... summoned by Xom
             ... on level 5 of the Dungeon.
             The game lasted 00:25:14 (9781 turns).

Flugkiller the Basher (Human Chaos Knight)          Turns: 9781, Time: 00:25:15

Health: -14/71     AC: 11    Str: 16      XL:     9   Next: 79%
Magic:  11/11      EV:  9    Int: 17      God:    Xom [......]
Gold:   250        SH:  5    Dex: 14 (15) Spells: 8/8 levels left

rFire    . . .     SeeInvis .   i - +1 flail of Cocytus {pain, *Contam +Inv Int+5} (curse)
rCold    . . .     Gourm    .   j - +0 buckler
rNeg     . . .     Faith    .   l - +1 scale mail
rPois    .         Spirit   .   (no helmet)
rElec    .         Reflect  .   (no cloak)
rCorr    .         Harm     .   (no gloves)
MR       .....                  t - +2 pair of boots {run}
Stlth    ..........             (no amulet)
HPRegen  0.21/turn              (no ring)
MPRegen  0.12/turn              (no ring)

@: about to teleport, slightly contaminated, quick
A: talons 1, agile 1, blink
a: Blink, Renounce Religion, Evoke Invisibility


You were on level 5 of the Dungeon.
You worshipped Xom.
You were a very special plaything of Xom.
You were not hungry.

You visited 1 branch of the dungeon, and saw 7 of its levels.
You also visited: Sewer.

You collected 250 gold pieces.

Inventory:

Hand Weapons
 a - a +0 mace of chaos
 i - the cursed +1 flail of Cocytus (weapon) {pain, *Contam +Inv Int+5}
   (You found it in a sewer)

   In the hands of one skilled in necromantic magic, it inflicts extra damage on
   living creatures.
   It affects your intelligence (+5).
   It lets you turn invisible.
   It causes magical contamination when unequipped.
   It has a curse placed upon it.
 p - a +1 flail of protection
   (You took it off an orc on level 3 of the Dungeon)
Missiles
 y - a throwing net (quivered)
Armour
 j - a +0 buckler (worn)
   (You found it on level 4 of the Dungeon)
 l - a +1 scale mail (worn)
   (You found it on level 3 of the Dungeon)
 t - a +2 pair of boots of running (worn)
   (You found it on level 5 of the Dungeon)
Jewellery
 m - a cursed -5 ring of protection {unknown}
   (You found it on level 3 of the Dungeon)
 n - a cursed amulet of regeneration {unknown}
   (You found it on level 3 of the Dungeon)
Wands
 b - a wand of flame (17)
   (Xom gifted it to you on level 5 of the Dungeon)
 d - a wand of random effects (16)
   (You found it on level 6 of the Dungeon)
 u - a wand of paralysis (3)
   (You found it on level 5 of the Dungeon)
 w - a wand of polymorph (10)
   (You took it off Sigmund on level 6 of the Dungeon)
Scrolls
 e - a scroll of fog
 f - 2 scrolls of fear
 g - a scroll of remove curse
 h - a scroll of enchant armour
 k - 2 scrolls of enchant weapon
 r - a scroll of magic mapping
 v - a scroll of immolation
Potions
 o - 2 potions of brilliance
 s - a potion of haste {unknown}
 x - 3 potions of curing
 z - a potion of agility {unknown}
 A - a potion of ambrosia {unknown}
Comestibles
 c - 9 rations
 B - 5 chunks of flesh


   Skills:
 + Level 6.8 Fighting
 * Level 9.2 Maces & Flails
 - Level 3.7 Armour
 - Level 1.0 Dodging
 + Level 3.9 Shields
 + Level 3.6 Evocations


You had 8 spell levels left.
You didn't know any spells.
Your spell library was empty.

Dungeon Overview and Level Annotations

Branches:
Dungeon (7/15)             Temple (0/1) D:5

Altars:
Ashenzari
Dithmenos
Elyvilon
Qazlal
Ru
Sif Muna
Xom
Yredelemnul

Shops:
D:4 *

Annotations:
D:3 exclusion: downstairs
D:4 Grinder
D:7 Harold


Innate Abilities, Weirdness & Mutations

You have sharp toenails.
You are agile. (Dex +2)
You can translocate small distances at will.


Message History

Unknown command.
Unknown command.
The yak gores you but does no damage.
Unknown command.
Unknown command.
You are contaminated with residual magic.
You sock the yak!
The yak is moderately wounded.
You flicker for a moment.
You block the yak's attack.
You hit the yak.
The yak is moderately wounded.
The yak gores you!
Unknown command.
You hit the yak.
The yak is moderately wounded.
The yak gores you!
* * * LOW HITPOINT WARNING * * *
There is an open door here.
You flicker back into view.
Xom's power touches on you for a moment.
Something forms from out of thin air!
There is an open door here.
You feel less contaminated with magical energies.
You hear Xom's maniacal laughter.
The quasit bites you but does no damage.
The quasit claws you.
* * * LOW HITPOINT WARNING * * *
You feel clumsy. The quasit barely misses you. The sun demon hits you!
* * * LOW HITPOINT WARNING * * *
You are engulfed in flames!!
* * * LOW HITPOINT WARNING * * *
Okay, then.
Press: ? - help, v - describe, . - travel
Here: a sun demon (summoned)
The floor.
Unknown command.
Evoke which item? (* to show all) (? for menu, Esc to quit)
Okay, then.
Okay, then.
As you read the scroll of teleportation, it crumbles to dust.
You feel strangely unstable.
The crimson imp shouts, "Give up, thou pecksniffian hasty-witted whip-jack!"
The crimson imp hits you but does no damage.
You block the quasit's attack.
The quasit claws you but does no damage.
The quasit closely misses you. The sun demon hits you!!
You die...
Xom bursts into laughter!

.#....#....#....#####....#.......
......#....#....# #....#..รท....
......#....#....# #####'#..>....
#.##########....# #............#
.## #....# #............# ..#
#....# #............# ..#
#....####.Y.........Y# .##
#....54.Y.##'########. ##
#....@5...#..Y......#.
#...3.5...#..Y......'.
#.........+.........#.
#.........###########.
########### ##


You could see a sun demon, 2 yaks, a chaos spawn, a quasit and 2 crimson imps.

Vanquished Creatures
  A harpy (shapeshifter) (D:6)
  Sigmund (D:6)
  A spriggan (D:6)
  A yak (D:5)
  A sky beast (D:6)
  A phantom (D:5)
  An ogre (D:5)
  A centaur (D:5)
  6 bullfrogs
  A howler monkey (D:7)
  A crimson imp (D:6)
  A gnoll shaman (D:6)
  An orc priest (D:7)
  A bullfrog skeleton (D:6)
  3 hounds
  An iguana (D:5)
  4 orc wizards
  5 worker ants
  A worker ant zombie (D:6)
  10 adders
  6 gnolls
  An ooze (D:2)
  An adder skeleton (D:4)
  A worm (D:4)
  2 dart slugs
  10 leopard geckos
  11 orcs
  5 bats
  13 giant cockroaches
  10 goblins
  10 hobgoblins
  10 jackals
  6 quokkas
  7 ball pythons
  10 frilled lizards
  A giant cockroach zombie (D:6)
  4 kobolds
  A quokka skeleton (D:3)
  10 rats
162 creatures vanquished.

Vanquished Creatures (collateral kills)
  An ogre (D:4)
1 creature vanquished.

Vanquished Creatures (others)
  A leopard gecko (D:2)
  A jackal (D:2)
  A quokka (D:6)
3 creatures vanquished.

Grand Total: 166 creatures vanquished

Notes
Turn   | Place    | Note
-------+----------+-------------------------------------------
     0 | D:1      | Flugkiller the Human Chaos Knight began the quest for the
                  | Orb.
     0 | D:1      | Reached XP level 1. HP: 18/18 MP: 1/1
   164 | D:1      | Reached XP level 2. HP: 22/24 MP: 2/2
   200 | D:1      | XOM: potion effect (invisibility)
   359 | D:1      | XOM: harmless Chrm miscast
   772 | D:1      | XOM: divination: magic mapping
   840 | D:1      | XOM: silly message
   891 | D:2      | Reached XP level 3. HP: 20/29 MP: 3/3
  1124 | D:2      | XOM: potion effect (curing)
  1126 | D:2      | XOM: potion effect (brilliance)
  1132 | D:2      | Reached skill level 4 in Maces & Flails
  1191 | D:2      | XOM: harmless Tmut miscast
  1381 | D:2      | Reached XP level 4. HP: 31/36 MP: 4/4
  1488 | D:2      | XOM: harmless Tmut miscast
  1629 | D:2      | XOM: harmless Summ miscast
  1696 | D:2      | XOM: divination: detect creatures
  1730 | D:2      | Found a shadowy altar of Dithmenos.
  1908 | D:2      | Reached XP level 5. HP: 42/42 MP: 5/5
  2098 | D:2      | XOM: harmless Ice miscast
  2225 | D:3      | XOM: potion effect (invisibility)
  2236 | D:3      | Reached skill level 5 in Maces & Flails
  2239 | D:3      | XOM: harmless Necr miscast
  2278 | D:3      | XOM: divination: magic mapping
  2357 | D:3      | XOM: harmless Necr miscast
  2698 | D:3      | Found a basalt altar of Yredelemnul.
  2698 | D:3      | Found a stormy altar of Qazlal.
  3037 | D:3      | Found a faded altar of an unknown god.
  3103 | D:3      | XOM: polymorph gnoll -> dart slug
  3293 | D:3      | Found a shattered altar of Ashenzari.
  3351 | D:3      | Reached XP level 6. HP: 47/48 MP: 6/6
  3734 | D:4      | Noticed Grinder
  3881 | D:4      | XOM: noise
  3903 | D:3      | XOM: scenery: create altars
  3967 | D:4      | Noticed an ogre
  3992 | D:4      | Killed an ogre
  4270 | D:4      | Reached XP level 7. HP: 45/55 MP: 7/7
  4279 | D:4      | XOM: noise
  4384 | D:4      | Reached skill level 6 in Maces & Flails
  4512 | D:3      | XOM: silly message
  4691 | D:4      | XOM is BORED!
  4691 | D:4      | XOM: medium Fire miscast
  4912 | D:4      | Found a sacrificial altar of Ru.
  5067 | D:4      | Found Ceedopsu's Serpentskin Sales.
  5111 | D:4      | Paralysed by Grinder for 3 turns
  5112 | D:4      | XOM: potion effect (invisibility)
  5135 | D:4      | XOM: draining
  5251 | D:5      | Entered Level 5 of the Dungeon
  5251 | D:5      | Found a staircase to the Ecumenical Temple.
  5315 | D:5      | Found a glowing drain.
  5348 | Sewer    | Entered a sewer
  5601 | Sewer    | XOM: scenery: create altars
  5701 | Sewer    | HP: 2/55 [bullfrog (2)]
  5704 | Sewer    | Reached skill level 5 in Fighting
  5718 | Sewer    | Got an ancient flail
  5956 | Sewer    | Identified the cursed +1 flail of Cocytus {pain, *Contam
                  | +Inv Int+5} (You found it in a sewer)
  6161 | D:4      | Found a deep blue altar of Sif Muna.
  6221 | D:5      | Reached skill level 7 in Maces & Flails
  6221 | D:5      | Reached XP level 8. HP: 51/62 MP: 8/8
  6396 | D:5      | XOM: mild Tmut miscast
  6622 | D:5      | XOM: potion effect (haste)
  6800 | D:5      | Identified a +2 pair of boots of running (You found it on
                  | level 5 of the Dungeon)
  6807 | D:5      | Reached skill level 1 in Shields
  6816 | D:5      | XOM: give mutations
  6816 | D:5      | Gained mutation: You are agile. (Dex +2) [Xom's grace]
  6816 | D:5      | Gained mutation: You can translocate small distances at
                  | will. [Xom's grace]
  6816 | D:5      | Gained mutation: You have sharp toenails. [Xom's grace]
  6967 | D:5      | XOM: god gift: blackened glass wand {god gift}
  7597 | D:6      | Reached skill level 1 in Evocations
  7827 | D:6      | XOM: cleaving
  8294 | D:6      | Noticed Sigmund
  8306 | D:6      | Killed Sigmund
  8306 | D:6      | Reached skill level 8 in Maces & Flails
  8306 | D:6      | Reached XP level 9. HP: 65/69 MP: 7/10
  8324 | D:6      | Found a white marble altar of Elyvilon.
  8569 | D:7      | Noticed Harold
  8575 | D:6      | XOM: fog
  8576 | D:6      | XOM: divination: detect items
  8589 | D:6      | XOM: polymorph yak -> shapeshifter
  8871 | D:7      | XOM: scenery: create altars
  8885 | D:7      | XOM: summons friendly shadow imp
  9240 | D:6      | XOM: polymorph yak -> spriggan
  9243 | D:6      | XOM: scenery: 1 doors close
  9249 | D:6      | XOM: fog
  9289 | D:6      | Noticed a hippogriff
  9306 | D:6      | XOM: cleaving
  9307 | D:6      | Noticed an orb spider
  9307 | D:6      | a hippogriff changed into an orb spider
  9309 | D:6      | Noticed a harpy
  9309 | D:6      | an orb spider changed into a harpy
  9315 | D:6      | Killed a harpy
  9315 | D:6      | Reached skill level 9 in Maces & Flails
  9715 | D:6      | XOM: polymorph yak -> yak
  9716 | D:5      | XOM: noise
  9772 | D:5      | XOM: medium Summ miscast
  9779 | D:5      | XOM: summons 4 hostile demons
  9780 | D:5      | Noticed a sun demon
  9780 | D:5      | HP: 3/71 [sun demon[Xom] (19)]
  9781 | D:5      | Demolished by a sun demon

Levels and vault maps discovered:
D:1:      lightli_arrival_quake, layout_loops_ring, serial_forest,
          infiniplex_forest_clump_long, infiniplex_forest_clump_curved,
          infiniplex_forest_lined_corner, infiniplex_forest_lined_2,
          infiniplex_forest_clump_curved, infiniplex_forest_straight_3
D:2:      layout_basic, grunt_ministairs_1, grunt_dithmenos_smoke_and_mirrors
D:3:      layout_loops_ring, amethyst_overflow_temple_binary,
          overflow_temple_1_default, chequers_ecumenical_altar_island,
          grunt_ministairs_3
D:4:      layout_loops_ring, nicolae_overflow_crystal_walls,
          nicolae_overflow_hidden_temple, first_ration, nrook_mini_backslash,
          grunt_decor_one_mirror, kennysheep_cross_room, guppyfry_shop_venom,
          uniq_grinder
D:5:      layout_gridville, temple_fountains, portal_sewer_entry_f
D:6:      layout_gridville, elyvilon_altar_4, chequers_mini_garden,
          nicolae_zen_rock_garden, uniq_sigmund
D:7:      layout_cave_pools, serial_column_ruins, column_ruins_columns_corner,
          column_ruins_grid_1, column_ruins_columns_dead_end,
          column_ruins_open_small, column_ruins_open_medium,
          column_ruins_columns_straight, serial_shops, nicolae_shop_trees,
          uniq_harold
Sewer:    sewer_frog_island_01

Skill      XL: |  1  2  3  4  5  6  7  8  9 |
---------------+----------------------------+-----
Maces & Flails | 4 5 7 8 9 |  9.2
Fighting       | 4 5 6 |  6.8
Armour         | 3 |  3.7
Shields        | 2 3 |  3.9
Evocations     | 2 3 |  3.6
Dodging        | |  1.0

Action                   |  1- 3 |  4- 6 |  7- 9 || total
-------------------------+-------+-------+-------++-------
Melee: Mace              |    67 |   100 |       ||   167
       Flail             |       |   121 |   371 ||   492
       Unarmed           |       |       |     3 ||     3
 Abil: Evoke Invisibilit |       |       |    11 ||    11
       Blink             |       |       |     2 ||     2
Evoke: Wand              |       |       |     9 ||     9
  Use: Scroll            |       |     3 |    10 ||    13
       Potion            |       |       |     5 ||     5
 Stab: Sleeping          |     1 |     3 |       ||     4
       Invisible         |     1 |     2 |    15 ||    18
       Confused          |       |     1 |     1 ||     2
       Paralysed         |       |     4 |     6 ||    10
  Eat: Chunk             |     1 |     9 |    11 ||    21
       Ration            |       |       |     4 ||     4
Armor: Leather armour    |    14 |    87 |    92 ||   193
       Scale mail        |       |       |    84 ||    84
Dodge: Dodged            |    30 |   121 |   194 ||   345
Block: Buckler           |       |       |    69 ||    69

Table legend:
 A = Non-vault XP
 B = Vault XP
 C = Vault XP percentage of total XP
 D = Non-vault monster count
 E = Vault monster count
 F = Vault count percentage of total count
                 A         B        C        D         E       F
            +---------+---------+-------+---------+---------+-------
      Total |    3008 |     511 |  14.5 |     133 |      32 |  19.4
            +---------+---------+-------+---------+---------+-------
        D:1 |      26 |       0 |   0.0 |      15 |       0 |   0.0
        D:2 |     114 |      15 |  11.6 |      36 |       2 |   5.3
        D:3 |     183 |      51 |  21.8 |      30 |       5 |  14.3
        D:4 |     194 |       0 |   0.0 |       7 |       0 |   0.0
        D:5 |     653 |      10 |   1.5 |       9 |       4 |  30.8
        D:6 |    1608 |     223 |  12.2 |      29 |       1 |   3.3
        D:7 |     230 |       0 |   0.0 |       7 |       0 |   0.0
      Sewer |       0 |     212 | 100.0 |       0 |      20 | 100.0
            +---------+---------+-------+---------+---------+-------
